 Dungeon Crawl Stone Soup version 0.26-b1-32-g5d43845318 (webtiles) character file.

Game seed: 688057793954442527

219 Borgoz the Ducker (level 5, -2/45 HPs)
             Began as a Ghoul Gladiator on Jan 13, 2021.
             Slain by an iron imp (10 damage)
             ... summoned by Natasha
             ... on level 3 of the Dungeon.
             The game lasted 00:03:04 (2483 turns).

Borgoz the Ducker (Ghoul Gladiator)                 Turns: 2483, Time: 00:03:04

Health: -2/45      AC:  6    Str: 18    XL:     5   Next: 96%
Magic:  4/4        EV: 13    Int:  3    God:
Gold:   108        SH:  0    Dex: 11    Spells: 4/4 levels left

rFire    . . .     SeeInvis .   a - +1 long sword
rCold    + . .     Faith    .   (no shield)
rNeg     + + +     Spirit   .   b - +0 leather armour
rPois    ∞         Reflect  .   c - +1 helmet
rElec    .         Harm     .   l - +0 cloak
rCorr    .         Rampage  .   (no gloves)
Will     .....                  (no boots)
Stlth    +.........             (no amulet)
HPRegen  0.00/turn              (no ring)
MPRegen  0.09/turn              (no ring)

@: no status effects
A: claws 1, cold resistance 1, negative energy resistance 3, inhibited
regeneration, torment resistance, unbreathing
a: no special abilities


You were on level 3 of the Dungeon.
You visited 1 branch of the dungeon, and saw 3 of its levels.

You collected 108 gold pieces.

Inventory:

Hand Weapons
 a - a +1 long sword (weapon)
Missiles
 n - a throwing net (quivered)
Armour
 b - a +0 leather armour (worn)
 c - a +1 helmet (worn)
 l - a +0 cloak (worn)
Scrolls
 g - a scroll of teleportation
 h - 3 scrolls of remove curse
 o - 2 scrolls of enchant armour
Potions
 d - a potion of mutation {unknown}
 e - a potion of lignification {unknown}
 f - 2 potions of curing
 j - a potion of resistance {unknown}
 k - a potion of haste {unknown}
 m - 2 potions of might
 p - a potion of magic
 q - a potion of ambrosia {unknown}
 r - a potion of attraction {unknown}


   Skills:
 + Level 3.1 Fighting
 * Level 3.8 Long Blades
 - Level 1.7 Throwing
 * Level 2.4 Armour
 * Level 3.9 Dodging


You had 4 spell levels left.
You didn't know any spells.
Your spell library was empty.

Dungeon Overview and Level Annotations

Branches:
Dungeon (3/15)

Altars:
Dithmenos

Annotations:
D:3 Natasha


Innate Abilities, Weirdness & Mutations

You thrive by killing the living.
You are immune to poison.
You have sharp fingernails.
Your flesh is cold resistant. (rC+)
You are immune to negative energy. (rN+++)
You do not regenerate when monsters are visible.
You are immune to unholy pain and torment.
You can survive without breathing.


Message History

The iron imp hits you but does no damage.
The orc closely misses you.
You riposte.
You closely miss the orc.
The orc is almost dead.
The adder closely misses you.
You riposte.
You completely miss the adder.
The adder is severely wounded.
You barely miss the adder.
The adder is severely wounded.
The orc hits you but does no damage. The iron imp hits you.
The orc hits you with a +0 mace.
* * * LOW HITPOINT WARNING * * *
The adder bites you.
* * * LOW HITPOINT WARNING * * *
You barely miss the adder.
The adder is severely wounded.
The adder bites you.
* * * LOW HITPOINT WARNING * * *
The orc barely misses you.
You riposte.
You slash the orc!
You kill the orc!
You feel better. The iron imp hits you!
You die... .# #. .# #. # .## . #.#.#. w.###.. #.#..# gr.....

#.##.##ho..#
#.#..)o5o#
##..#.#@####..
#.....S........
#..#..######....
.>###.##.... .. ##
..##...(..# .# ..
#..#.###.... .####.#
#.##)... #. ......#
##.##...# ...
.########..##.#.##.#


You could see an iron imp (summoned), Natasha (strong), an adder, a dart slug, 3
orcs, a goblin and a rat.

Vanquished Creatures
  An orc priest (D:3)
  Crazy Yiuf (D:2)
  Jessica (D:2)
  Terence (D:3)
  An orc wizard (D:3)
  2 adders
  An ooze (D:1)
  A worm (D:2)
  3 dart slugs
  3 leopard geckos
  5 orcs (D:3)
  8 bats
  2 giant cockroaches (D:1)
  4 goblins
  2 hobgoblins
  6 kobolds
  A ball python (D:2)
  6 frilled lizards
  8 rats
57 creatures vanquished.

Vanquished Creatures (others)
  2 fungi (D:2)
2 creatures vanquished.

Grand Total: 59 creatures vanquished

Notes
Turn   | Place    | Note
-------+----------+-------------------------------------------
     0 | D:1      | Borgoz the Ghoul Gladiator began the quest for the Orb.
     0 | D:1      | Reached XP level 1. HP: 17/17 MP: 0/0
   137 | D:1      | Reached XP level 2. HP: 24/24 MP: 1/1
   278 | D:1      | Reached skill level 1 in Armour
   287 | D:1      | Reached XP level 3. HP: 10/30 MP: 2/2
  1061 | D:2      | Noticed Jessica
  1069 | D:2      | Killed Jessica
  1070 | D:2      | Reached XP level 4. HP: 36/37 MP: 3/3
  1140 | D:2      | Found a shadowy altar of Dithmenos.
  1953 | D:2      | Found a runed translucent door.
  1954 | D:2      | Noticed Crazy Yiuf
  1971 | D:2      | Killed Crazy Yiuf
  1972 | D:2      | Reached XP level 5. HP: 21/44 MP: 4/4
  2219 | D:3      | Noticed Terence
  2238 | D:3      | Killed Terence
  2459 | D:3      | Noticed Natasha
  2483 | D:3      | Slain by an iron imp

Illustrated notes

Levels and vault maps discovered:
D:1:      dpeg_cavernosity, layout_rooms
D:2:      layout_loops_ring, grunt_dithmenos_smoke, uniq_jessica,
          uniq_crazy_yiuf_cottage
D:3:      minmay_spotlight, layout_rooms, uniq_natasha, uniq_terence

Skill      XL: |  1  2  3  4  5 |
---------------+----------------+-----
Dodging        | 3 |  3.9
Armour         | 1 2 |  2.4
Long Blades    | 3 |  3.8
Fighting       | 3 |  3.1
Throwing       | |  1.7

Action                   |  1- 3 |  4- 6 || total
-------------------------+-------+-------++-------
Melee: Long sword        |    81 |   110 ||   191
Throw: Throwing net      |       |     5 ||     5
  Use: Scroll            |     1 |    10 ||    11
 Stab: Sleeping          |     1 |       ||     1
Armor: Leather armour    |    44 |    39 ||    83
Dodge: Dodged            |    86 |    84 ||   170
       Rpst.: Long sword |    31 |    31 ||    62
